 Dungeon Crawl Stone Soup version 0.23.2-42-gf373564dc4 (webtiles) character file.

Game seed: 5796399533599742463

77 FishyPogo the Vexing (level 4, -1/24 HPs)
             Began as a Deep Elf Enchanter on Nov 28, 2019.
             Slain by a goblin
             ... wielding a +0 dagger
             ... led by Robin
              (7 damage)
             ... on level 2 of the Dungeon.
             The game lasted 00:12:09 (1842 turns).

FishyPogo the Vexing (Deep Elf Enchanter)           Turns: 1842, Time: 00:12:09

Health: -1/24      AC:  3    Str:  5    XL:     4   Next: 14%
Magic:  2/11       EV: 14    Int: 20    God:
Gold:   119        SH:  0    Dex: 16    Spells: 1/10 levels left

rFire    . . .     SeeInvis .   a - +1 dagger
rCold    . . .     Gourm    .   (no shield)
rNeg     . . .     Faith    .   b - +1 robe
rPois    .         Spirit   .   (no helmet)
rElec    .         Reflect  .   (no cloak)
rCorr    +         Harm     .   (no gloves)
MR       .....                  (no boots)
Stlth    +++.......             g - amulet of regeneration
HPRegen  0.48/turn              c - ring of resist corrosion
MPRegen  0.12/turn              (no ring)

@: hasted, very quick
A: no striking features
a: no special abilities


You were on level 2 of the Dungeon.
You were not hungry.

You visited 1 branch of the dungeon, and saw 2 of its levels.

You collected 119 gold pieces.

Inventory:

Hand Weapons
 a - a +1 dagger (weapon)
 l - a +0 vampiric hand axe
Missiles
 m - 6 javelins (quivered)
 o - 22 stones
Armour
 b - a +1 robe (worn)
Jewellery
 c - a ring of resist corrosion (left hand)
 g - an amulet of regeneration (around neck)
Wands
 n - a wand of random effects (13)
Scrolls
 h - 2 scrolls of remove curse
Potions
 f - a potion of curing
Comestibles
 i - 2 chunks of flesh


   Skills:
 + Level 2.0 Short Blades
 + Level 3.2 Dodging
 - Level 4.0 Stealth
 * Level 3.6 Spellcasting
 - Level 5.0 Hexes


You had one spell level left.
You knew the following spells:

 Your Spells              Type           Power        Failure   Level  Hunger
a - Corona                Hex            ###....      1%          1    None
b - Tukima's Dance        Hex            ###.....     5%          3    ###....
c - Confuse               Hex            ###.....     5%          3    ###....
e - Ensorcelled Hibernat  Hex/Ice        ##....       8%          2    ##.....

Your spell library contained the following spells:

 Spells                   Type           Power        Failure   Level  Hunger
 Dazzling Spray           Conj/Hex       ##....       14%         3    ###....


Dungeon Overview and Level Annotations

Branches:
Dungeon (2/15)

Altars:
Xom

Annotations:
D:2 Robin


Message History

You hit the goblin.
The goblin is moderately wounded.
The goblin misses you.
You hit the goblin.
The goblin is heavily wounded.
The goblin hits you with a +0 dagger.
* * * LOW HITPOINT WARNING * * *
Okay, then.
You barely miss the goblin.
The goblin is heavily wounded.
The goblin hits you with a +0 dagger.
* * * LOW HITPOINT WARNING * * *
You hit the goblin.
The goblin is severely wounded.
The goblin no longer looks unusually strong.
The goblin closely misses you.
You closely miss the goblin.
The goblin is severely wounded.
The goblin hits you with a +0 dagger!
You die...

######### ### #.......# ##.##
##### #.#####.# ##...#
#...###.### #.# #....
#.........###.# #...
#...##))...##.#
#.###.#####.###..#..##.#
#..b.ggg@g..# #..#..##.#
#####.####### #...[....# ##'##
#.#...#### ###gg.## #.#.#.#
#...g..## #.....# # ##._.....##
##.#.###
#g..####.........####......#####
.gggg..'.........'.........)....
#..g####.........####......#####


You could see Robin and 3 goblins.

Vanquished Creatures
  2 adders (D:2)
  An ooze (D:2)
  4 dart slugs
  2 leopard geckos (D:1)
  5 bats
  3 giant cockroaches
  3 hobgoblins
  2 jackals (D:1)
  A frilled lizard (D:2)
  14 goblins
  2 kobolds (D:2)
  3 rats
42 creatures vanquished.

Notes
Turn   | Place    | Note
-------+----------+-------------------------------------------
     0 | D:1      | FishyPogo the Deep Elf Enchanter began the quest for the
                  | Orb.
     0 | D:1      | Reached XP level 1. HP: 10/10 MP: 6/6
   502 | D:1      | Reached XP level 2. HP: 15/15 MP: 8/8
   584 | D:1      | Learned a level 2 spell: Ensorcelled Hibernation
  1165 | D:1      | Reached XP level 3. HP: 5/19 MP: 3/9
  1170 | D:1      | Learned a level 3 spell: Confuse
  1684 | D:2      | Found a shimmering altar of Xom.
  1714 | D:2      | Reached skill level 5 in Hexes
  1719 | D:2      | Reached XP level 4. HP: 22/24 MP: 1/11
  1725 | D:2      | Learned a level 3 spell: Tukima's Dance
  1733 | D:2      | Noticed Robin
  1842 | D:2      | Slain by a goblin

Skill      XL: |  1  2  3  4 |
---------------+-------------+-----
Stealth        | 4 |  4.0
Dodging        | 3 |  3.2
Hexes          | 5 |  5.0
Short Blades   | 2 |  2.0
Spellcasting   | |  3.6

Action                   |  1- 3 |  4- 6 || total
-------------------------+-------+-------++-------
Melee: Dagger            |   161 |    41 ||   202
 Cast: Corona            |    13 |       ||    13
       Ensorcelled Hiber |    16 |     2 ||    18
       Confuse           |     5 |     3 ||     8
  Use: Scroll            |     4 |     2 ||     6
       Potion            |       |     2 ||     2
 Stab: Sleeping          |    15 |       ||    15
  Eat: Chunk             |     2 |       ||     2
       Ration            |     1 |       ||     1
Armor: Robe              |    27 |     3 ||    30
Dodge: Dodged            |   124 |    31 ||   155
